[ PARTIDA AOE2 · #459207743 ]
1v1 RMItalianos vs Tupi
Equipo del jugador · VICT
Equipo rival · DERR
[ ANÁLISIS DE REPETICIÓN · EXTRAÍDO DE LA PARTIDA GRABADA ]
Feudal
9:16
Castillos
—
Imperial
—
| APM promedio | 51.4 |
| APM pico | 95 |
| eAPM promedio | 22.4 |
| Aldeanos / militares | 40 / 15 |
Foco
⚔️ 46.1% · 🌾 53.9%
Archer ×15
Feudal
9:22
Castillos
—
Imperial
—
| APM promedio | 47.9 |
| APM pico | 83 |
| eAPM promedio | 24.3 |
| Aldeanos / militares | 42 / 0 |
Foco
⚔️ 28.2% · 🌾 71.8%
Unknown (2550) ×15
Mapa de la partida
Recursos iniciales + cada clic de construcción. Líneas = muros · curvas = relieve. ◆ oro · ⬟ piedra · ● bayas · ✦ reliquia · ◌ hueco del cierre
Inputs por minuto
— b - - 康寶羊
Build order — b
107 acciones detectadas en el replay
| 0:00 | Crear | Villager (Male) |
| 0:01 | Crear | Villager (Male) |
| 0:01 | Crear | Villager (Male) |
| 0:02 | Construir | House |
| 0:03 | Construir | House |
| 0:07 | Crear | Villager (Male) |
| 1:24 | Crear | Villager (Male) |
| 1:44 | Construir | Lumber Camp |
| 2:04 | Crear | Villager (Male) |
| 2:04 | Crear | Villager (Male) |
| 2:04 | Crear | Villager (Male) |
| 2:39 | Construir | Palisade Wall |
| 2:41 | Construir | Palisade Wall |
| 2:47 | Construir | Palisade Wall |
| 2:49 | Construir | Palisade Wall |
| 2:55 | Crear | Villager (Male) |
| 2:55 | Crear | Villager (Male) |
| 3:31 | Crear | Villager (Male) |
| 3:32 | Crear | Villager (Male) |
| 4:02 | Construir | House |
| 4:06 | Crear | Villager (Male) |
| 4:32 | Crear | Villager (Male) |
| 4:32 | Crear | Villager (Male) |
| 5:16 | Crear | Villager (Male) |
| 5:21 | Crear | Villager (Male) |
| 5:31 | Investigar | Loom |
| 6:06 | Construir | House |
| 6:16 | Crear | Villager (Male) |
| 6:33 | Construir | Mining Camp |
| 6:37 | Construir | Palisade Wall |
| 6:37 | Crear | Villager (Male) |
| 6:42 | Construir | Palisade Wall |
| 6:44 | Construir | Palisade Wall |
| 7:01 | Investigar | Feudal Age |
| 7:01 | Investigar | Feudal Age |
| 7:17 | Construir | House |
| 7:59 | Construir | Barracks |
| 8:41 | Construir | Mill |
| 8:45 | Crear | Villager (Male) |
| 9:16 | Edad | Edad Feudal |
| 9:22 | Construir | Archery Range |
| 9:26 | Investigar | Double-Bit Axe |
| 9:27 | Crear | Villager (Male) |
| 9:50 | Crear | Villager (Male) |
| 10:01 | Construir | House |
| 10:02 | Crear | Archer |
| 10:03 | Crear | Archer |
| 10:05 | Crear | Villager (Male) |
| 10:10 | Construir | Palisade Wall |
| 10:27 | Construir | Farm |
| 10:35 | Crear | Villager (Male) |
| 10:41 | Crear | Archer |
| 10:56 | Crear | Villager (Male) |
| 10:59 | Crear | Archer |
| 11:07 | Construir | Farm |
| 11:25 | Construir | Farm |
| 11:30 | Crear | Villager (Male) |
| 11:37 | Construir | Farm |
| 11:43 | Crear | Archer |
| 11:44 | Crear | Villager (Male) |
| 11:50 | Construir | Palisade Wall |
| 11:59 | Construir | House |
| 12:05 | Crear | Archer |
| 12:08 | Construir | Palisade Wall |
| 12:35 | Construir | Farm |
| 12:43 | Crear | Villager (Male) |
| 12:48 | Crear | Archer |
| 12:59 | Construir | House |
| 13:04 | Crear | Villager (Male) |
| 13:20 | Crear | Villager (Male) |
| 13:23 | Construir | Blacksmith |
| 13:33 | Construir | Palisade Wall |
| 13:40 | Construir | Palisade Wall |
| 13:46 | Construir | House |
| 13:53 | Investigar | Fletching |
| 13:57 | Crear | Villager (Male) |
| 13:57 | Crear | Villager (Male) |
| 13:59 | Crear | Archer |
| 13:59 | Crear | Archer |
| 14:16 | Construir | Farm |
| 14:40 | Construir | Farm |
| 14:41 | Crear | Villager (Male) |
| 14:42 | Construir | Farm |
| 14:45 | Construir | Farm |
| 14:56 | Construir | House |
| 14:59 | Construir | Palisade Wall |
| 15:03 | Crear | Archer |
| 15:04 | Crear | Villager (Male) |
| 15:21 | Construir | House |
| 15:26 | Crear | Archer |
| 15:28 | Construir | Farm |
| 15:29 | Construir | Farm |
| 15:30 | Crear | Villager (Male) |
| 15:36 | Construir | Farm |
| 15:57 | Crear | Villager (Male) |
| 16:06 | Crear | Villager (Male) |
| 16:10 | Crear | Archer |
| 16:11 | Crear | Archer |
| 16:16 | Crear | Archer |
| 16:36 | Crear | Villager (Male) |
| 16:40 | Crear | Villager (Male) |
| 16:46 | Construir | Palisade Wall |
| 16:48 | Construir | Palisade Wall |
| 16:50 | Crear | Villager (Male) |
| 16:51 | Construir | House |
| 16:53 | Construir | House |
| 16:58 | Crear | Archer |
Build order — 康寶羊
99 acciones detectadas en el replay
| 0:00 | Crear | Villager (Male) |
| 0:01 | Crear | Villager (Male) |
| 0:01 | Crear | Villager (Male) |
| 0:02 | Construir | House |
| 0:02 | Construir | House |
| 0:04 | Crear | Villager (Male) |
| 0:10 | Construir | Barracks |
| 1:13 | Crear | Villager (Male) |
| 1:48 | Crear | Villager (Male) |
| 1:51 | Crear | Unit 2550 |
| 2:08 | Crear | Villager (Male) |
| 2:09 | Crear | Villager (Male) |
| 2:29 | Crear | Villager (Male) |
| 2:30 | Crear | Villager (Male) |
| 2:49 | Crear | Villager (Male) |
| 3:23 | Crear | Villager (Male) |
| 3:23 | Crear | Villager (Male) |
| 3:28 | Construir | House |
| 3:45 | Crear | Villager (Male) |
| 4:03 | Construir | House |
| 4:08 | Crear | Villager (Male) |
| 4:34 | Crear | Villager (Male) |
| 4:58 | Construir | Settlement |
| 5:00 | Crear | Villager (Male) |
| 5:32 | Crear | Villager (Male) |
| 5:34 | Crear | Villager (Male) |
| 6:01 | Crear | Villager (Male) |
| 6:03 | Investigar | Loom |
| 7:12 | Investigar | Feudal Age |
| 7:12 | Investigar | Feudal Age |
| 7:30 | Crear | Unit 2550 |
| 7:30 | Crear | Unit 2550 |
| 8:17 | Construir | Settlement |
| 8:29 | Construir | House |
| 8:43 | Crear | Villager (Male) |
| 8:45 | Crear | Villager (Male) |
| 8:51 | Construir | House |
| 9:22 | Edad | Edad Feudal |
| 9:25 | Investigar | Tech 1402 |
| 9:25 | Investigar | Tech 1402 |
| 9:27 | Crear | Villager (Male) |
| 9:33 | Investigar | Double-Bit Axe |
| 9:48 | Construir | Farm |
| 9:52 | Construir | Farm |
| 9:59 | Investigar | Arson |
| 10:03 | Crear | Villager (Male) |
| 10:08 | Crear | Unit 2550 |
| 10:16 | Crear | Villager (Male) |
| 10:17 | Crear | Villager (Male) |
| 10:18 | Construir | Farm |
| 10:50 | Crear | Villager (Male) |
| 10:59 | Construir | Farm |
| 11:13 | Crear | Villager (Male) |
| 11:17 | Construir | Farm |
| 11:28 | Crear | Villager (Male) |
| 11:35 | Construir | Farm |
| 11:36 | Construir | Farm |
| 11:44 | Investigar | Arson |
| 11:56 | Construir | House |
| 12:01 | Crear | Villager (Male) |
| 12:02 | Crear | Unit 2550 |
| 12:28 | Construir | Farm |
| 12:35 | Crear | Villager (Male) |
| 12:37 | Crear | Unit 2550 |
| 12:40 | Crear | Villager (Male) |
| 12:47 | Crear | Unit 2550 |
| 12:53 | Crear | Villager (Male) |
| 12:58 | Crear | Unit 2550 |
| 13:11 | Construir | Blacksmith |
| 13:18 | Crear | Unit 2550 |
| 13:29 | Construir | Farm |
| 13:38 | Crear | Villager (Male) |
| 13:41 | Crear | Unit 2550 |
| 13:51 | Crear | Villager (Male) |
| 13:56 | Investigar | Scale Mail Armor |
| 14:05 | Construir | Farm |
| 14:13 | Construir | Outpost |
| 14:17 | Crear | Villager (Male) |
| 14:25 | Crear | Villager (Male) |
| 14:28 | Construir | Farm |
| 14:31 | Crear | Unit 2550 |
| 14:33 | Crear | Unit 2550 |
| 14:56 | Crear | Villager (Male) |
| 15:07 | Crear | Unit 2550 |
| 15:14 | Crear | Villager (Male) |
| 15:22 | Construir | House |
| 15:48 | Construir | House |
| 15:49 | Construir | Palisade Wall |
| 15:52 | Construir | House |
| 16:03 | Crear | Unit 2550 |
| 16:10 | Crear | Villager (Male) |
| 16:16 | Construir | House |
| 16:19 | Construir | House |
| 16:26 | Construir | House |
| 16:33 | Construir | Settlement |
| 16:45 | Crear | Villager (Male) |
| 16:58 | Crear | Villager (Male) |
| 17:00 | Crear | Unit 2550 |
| 17:07 | Construir | House |
Cronología de la partida
| 0:10 | 康寶羊 · first_building Barracks |
| 2:39 | b · wall_segment Palisade Wall x1 |
| 2:41 | b · wall_segment Palisade Wall x1 |
| 2:47 | b · wall_segment Palisade Wall x1 |
| 2:49 | b · wall_segment Palisade Wall x1 |
| 6:37 | b · wall_segment Palisade Wall x1 |
| 6:42 | b · wall_segment Palisade Wall x1 |
| 6:44 | b · wall_segment Palisade Wall x1 |
| 7:59 | b · first_building Barracks |
| 9:16 | b · age_up feudal |
| 9:22 | 康寶羊 · age_up feudal |
| 9:22 | b · first_building Archery Range |
| 10:10 | b · wall_segment Palisade Wall x1 |
| 11:50 | b · wall_segment Palisade Wall x6 |
| 12:08 | b · wall_segment Palisade Wall x2 |
| 13:33 | b · wall_segment Palisade Wall x6 |
| 13:40 | b · wall_segment Palisade Wall x7 |
| 14:59 | b · wall_segment Palisade Wall x1 |
| 15:49 | 康寶羊 · wall_segment Palisade Wall x1 |
| 16:46 | b · wall_segment Palisade Wall x1 |
| 16:48 | b · wall_segment Palisade Wall x1 |
| 17:18 | 康寶羊 · resign |
[ ANÁLISIS IA · 1 CRÉDITO ]
¿Qué pasó realmente en esta partida?
Wolo.gg analiza cada decisión: build order, eco, micro, errores típicos por bracket. Análisis personalizado por WhatsApp o Discord en 30 segundos.
Guía civ
Italianos
Guía mapa
Arabia
Perfil
Jugador #18657158